 Dungeon Crawl Stone Soup version 0.26-a0-665-gefeb406119 (webtiles) character file.

Game seed: 16777901006593009978

0 Ijustatesigmund the Magician (level 1, -1/9 HPs)
             Began as a Spriggan Wanderer on Oct 15, 2020.
             Slain by a frilled lizard (3 damage)
             ... on level 1 of the Dungeon.
             The game lasted 00:01:05 (83 turns).

Ijustatesigmund the Magician (Spriggan Wanderer)      Turns: 83, Time: 00:01:05

Health: -1/9       AC:  2    Str:  9    XL:     1   Next: 8%
Magic:  6/6        EV: 15    Int: 12    God:
Gold:   0          SH:  0    Dex: 15    Spells: 7/8 levels left

rFire    . . .     SeeInvis +   a - +0 dagger
rCold    . . .     Faith    .   (shield restricted)
rNeg     . . .     Spirit   .   e - +0 robe
rPois    .         Reflect  .   (helmet restricted)
rElec    .         Harm     .   (no cloak)
rCorr    .         Rampage  .   (gloves unavailable)
MR       .....                  (boots unavailable)
Stlth    ++........             (no amulet)
HPRegen  0.03/turn              (no ring)
MPRegen  0.10/turn              (no ring)

@: very quick
A: very small, unfitting armour, see invisible, speed 3
a: no special abilities


You were on level 1 of the Dungeon.
You visited 1 branch of the dungeon, and saw 1 of its levels.

Inventory:

Hand Weapons
 a - a +0 dagger (weapon)
Missiles
 c - 10 poisoned darts (quivered)
Armour
 e - a +0 robe (worn)


   Skills:
 + Level 0.0 Fighting
 + Level 0.0 Short Blades
 - Level 1.0 Throwing
 + Level 1.6 Stealth
 - Level 4.0 Spellcasting
   Level 1.5 Summonings
   Level 1.5 Translocations
   Level 2.6 Transmutations


You had 7 spell levels left.
You knew the following spells:

 Your Spells              Type           Power        Failure   Level
a - Magic Dart            Conj           #...         22%         1

Your spell library contained the following spells:

 Spells                   Type           Power        Failure   Level
 Apportation              Tloc           #.....       12%         1
 Blink                    Tloc           N/A          19%         2
 Call Imp                 Summ           #.......     19%         2
 Slow                     Hex            #.......     32%         2
 Gell's Gravitas          Tloc           #.........   34%         3
 Conjure Flame            Conj/Fire      #.......     54%         3
 Mephitic Cloud           Conj/Pois/Air  #.......     54%         3


Dungeon Overview and Level Annotations

Branches:
Dungeon (1/15)

Altars:


Innate Abilities, Weirdness & Mutations

You are very small and have problems with some larger weapons.
You are too small for most types of armour.
You have supernaturally acute eyesight. (SInv)
You cover ground extremely quickly.


Message History

You are too injured to fight recklessly!
You hit the giant cockroach but do no damage.
The giant cockroach is almost dead.
The giant cockroach bites you.
* * * LOW HITPOINT WARNING * * *
You hit the giant cockroach but do no damage.
The giant cockroach is almost dead.
The giant cockroach bites you but does no damage.
You aren't carrying any potions.
A dart slug comes into view.
A goblin comes into view.
The goblin completely misses you.
Found 11 gold pieces.
The goblin hits you but does no damage.
A frilled lizard comes into view.
Found a leather armour.
The frilled lizard hisses angrily.
Found 14 gold pieces.
The frilled lizard bites you.
You die...

.# ###.........### .#
###.....### ##
###.....)...###
####.............###
##.......≈≈≈.......#
##.....≈≈≈≈≈≈≈..)..#
##....≈≈≈≈≈≈≈≈≈....# .
.###################....
.........B...g..@.......
########.......l........
# .[.................. #
..................... #
............#....##... #
............#....# .. #
#######.....#....# . #
#.....#$...#


You could see a giant cockroach, a goblin and a frilled lizard.

Vanquished Creatures
  A rat (D:1)
1 creature vanquished.

Notes
Turn   | Place    | Note
-------+----------+-------------------------------------------
     0 | D:1      | Ijustatesigmund the Spriggan Wanderer began the quest for
                  | the Orb.
     0 | D:1      | Ijustatesigmund set off with the following items: a +0
                  | dagger, 10 poisoned darts, a +0 robe; and the following
                  | spells available to memorise: Apportation, Blink, Call Imp,
                  | Magic Dart, Slow, Gell's Gravitas, Conjure Flame, Mephitic
                  | Cloud
     0 | D:1      | Reached XP level 1. HP: 9/9 MP: 6/6
     2 | D:1      | Learned a level 1 spell: Magic Dart
    83 | D:1      | Slain by a frilled lizard

Illustrated notes

Levels and vault maps discovered:
D:1:      nzn_arrival_depleted_hourglass, layout_basic, minmay_nonomino_d4

Action                   || total
-------------------------++-------
Melee: Dagger            ||    16
Armor: Robe              ||     7
Dodge: Dodged            ||    19

Table legend: (Time is in decaauts)
 A = Elapsed time spent in this place.
 B = Non-inter-level travel time spent in this place.
 C = Inter-level travel time spent in this place.
 D = Time resting spent in this place.
 E = Time spent auto-exploring this place.
 F = Levels seen in this place.
 G = Mean time per level.
                   A        B        C        D        E       F      G
               +--------+--------+--------+--------+--------+-----+--------+
         Total |     57 |     57 |      0 |      0 |     20 |   1 |   57.0 |
       Dungeon |     57 |     57 |      0 |      0 |     20 |   1 |   57.0 |
               +--------+--------+--------+--------+--------+-----+--------+

Top non-repeatable levels by time:
     D:1: 57 daAuts
